 Dungeon Crawl Stone Soup version 0.26-a0-712-ga5a9c9c9d0 (webtiles) character file.

Game seed: 3104578381564392801

1036 Azzok the Cleaver (level 8, 53/58 HPs)
             Began as a Demonspawn Berserker on Nov 7, 2020.
             Was an Elder of Trog.
             Quit the game on level 6 of the Dungeon.
             The game lasted 00:06:13 (4300 turns).

Azzok the Cleaver (Demonspawn Berserker)            Turns: 4300, Time: 00:06:14

Health: 53/58      AC: 14    Str: 23    XL:     8   Next: 3%
Magic:  8/8        EV:  8    Int:  9    God:    Trog [****..]
Gold:   340        SH:  5    Dex: 12    Spells: 7/7 levels left

rFire    . . .     SeeInvis +   u - +3 hand axe
rCold    . . .     Faith    .   (no shield)
rNeg     . . .     Spirit   .   b - +0 chain mail
rPois    .         Reflect  +   (no helmet)
rElec    .         Harm     .   F - +1 cloak {Stlth+}
rCorr    .         Rampage  .   o - +2 pair of gloves {Str+3}
MR       .....                  (no boots)
Stlth    ..........             j - amulet of reflection
HPRegen  0.19/turn              d - ring of see invisible
MPRegen  0.11/turn              (no ring)

@: no status effects
A: hooves 1, demonic guardian 2, sharp scales 1
a: Berserk, Trog's Hand, Brothers in Arms, Renounce Religion


You were on level 6 of the Dungeon.
You worshipped Trog.
Trog was greatly pleased with you.
You visited 1 branch of the dungeon, and saw 6 of its levels.

You collected 340 gold pieces.

Inventory:

Hand Weapons
 n - a +4 quarterstaff of chaos
 u - a +3 hand axe (weapon)
Armour
 b - a +0 chain mail (worn)
 o - a +2 pair of gloves of strength (worn)
 F - a +1 cloak of stealth (worn)
Jewellery
 d - a ring of see invisible (left hand)
 g - an uncursed amulet of regeneration
 j - an amulet of reflection (around neck)
Wands
 l - a wand of paralysis (6)
 z - a wand of random effects (24)
 B - a wand of polymorph (8)
Scrolls
 a - 2 scrolls of amnesia {unknown}
 c - 2 scrolls of enchant armour {unknown}
 f - 4 scrolls of teleportation {unknown}
 i - 3 scrolls of immolation {unknown}
 p - a scroll of blinking {unknown}
 t - a scroll of magic mapping {unknown}
 x - 5 scrolls of identify {unknown}
 y - 2 scrolls of remove curse {unknown}
 A - a scroll of fog {unknown}
 E - a scroll of enchant weapon {unknown}
Potions
 e - 4 potions of degeneration {unknown}
 h - a potion of lignification {unknown}
 k - 4 potions of haste {unknown}
 m - a potion of brilliance {unknown}
 r - 3 potions of heal wounds {unknown}
 s - 2 potions of berserk rage {unknown}
 v - 2 potions of mutation {unknown}
 w - 4 potions of ambrosia {unknown}
 C - a potion of cancellation {unknown}
 D - a potion of curing {unknown}


   Skills:
 - Level 3.0 Fighting
 + Level 9.0 Axes
 - Level 1.7 Armour
 - Level 1.7 Dodging


You had 7 spell levels left.
You didn't know any spells.
Your spell library was empty.

Dungeon Overview and Level Annotations

Branches:
Dungeon (6/15)             Temple (0/1) D:5

Altars:
Gozag
Kikubaaqudgha
Makhleb
Nemelex Xobeh
Qazlal
Ru
Vehumet
Wu Jian
Xom
Yredelemnul

Shops:
D:4 :

Annotations:
D:4 2 transporters, Menkaure


Innate Abilities, Weirdness & Mutations

You have large cloven feet.
A demonic guardian rushes to your aid.
You are partially covered in razor-sharp scales. (AC +1, Slay +1)


Message History

A necrophage comes into view.
A necrophage is nearby!
The necrophage hits you.
You hit the necrophage.
The necrophage is lightly damaged.
The necrophage hits you but does no damage.
You hit the necrophage but do no damage.
You kick the necrophage!
The necrophage is moderately damaged.
The necrophage hits you but does no damage.
You slash the necrophage! Your kick misses the necrophage.
The necrophage is severely damaged.
Your soul eater hits the necrophage!
The necrophage is destroyed!
Trog accepts your kill.
Your Axes skill increases to level 9!
You have reached level 8!
You feel clever.
Your demonic ancestry asserts itself...
Sharp scales grow over part of your body.
Are you sure you want to abandon this character and quit the game? (Confirm with "yes".)

·········▒
·········▒▒▒▒▒▒▒▒▒▒▒▒
·········▒▒··········
·········'···········
·········▒▒·▒·······▒
▒▒▒▒▒'▒▒▒▒▒·▒·▒▒▒▒▒·▒ ▒
▒·▒ ▒·▒·····▒ ▒▒▒▒▒·▒
▒·······▒ ····▒[▒
▒▒▒▒··@·▒ ▒▒▒·▒·▒▒▒
▒···3······· ··▒·····▒
▒·▒▒▒·······
▒·▒···▒·▒▒▒▒▒·▒ ·······
▒·····▒·▒···▒·▒▒▒▒▒▒▒▒▒▒
▒▒···>················
▒·······▒·▒·▒·▒▒···▒▒▒▒▒
▒'···▒▒·▒·▒·▒··········▒
·▒▒<▒▒▒·▒·▒·········(··▒


You could see a friendly soul eater (summoned).

Vanquished Creatures
  Sigmund (D:3)
  A howler monkey (D:4)
  5 hounds
  3 orc priests
  Crazy Yiuf (D:2)
  2 centaur skeletons (D:4)
  3 orc wizards (D:4)
  Jessica (D:2)
  3 iguanas
  Terence (D:3)
  A hound skeleton (D:5)
  A gnoll (D:3)
  6 adders
  A white imp (D:5)
  2 oozes
  An adder zombie (D:5)
  4 worms
  3 dart slugs
  3 leopard geckos (D:5)
  22 orcs
  5 giant cockroaches
  7 goblins
  3 hobgoblins
  8 jackals
  3 kobolds
  6 bats
  2 frilled lizards
  A jackal skeleton (D:4)
  A leopard gecko skeleton (D:4)
  5 rats
106 creatures vanquished.

Vanquished Creatures (collateral kills)
  A necrophage (D:6)
  An ogre (D:4)
  2 gnolls (D:3)
  An orc (D:3)
  A goblin (D:3)
6 creatures vanquished.

Grand Total: 112 creatures vanquished

Notes
Turn   | Place    | Note
-------+----------+-------------------------------------------
     0 | D:1      | Azzok the Demonspawn Berserker began the quest for the Orb.
     0 | D:1      | Reached XP level 1. HP: 18/18 MP: 1/1
    49 | D:1      | Reached skill level 3 in Axes
   485 | D:1      | Gained mutation: A weak demonic guardian rushes to your
                  | aid. [demonic ancestry]
   485 | D:1      | Reached XP level 2. HP: 24/24 MP: 2/2
   996 | D:2      | Found a runed translucent door.
   997 | D:2      | Noticed Crazy Yiuf
  1004 | D:2      | Killed Crazy Yiuf
  1004 | D:2      | Reached skill level 4 in Axes
  1004 | D:2      | Reached XP level 3. HP: 8/29 MP: 3/3
  1132 | D:2      | Reached ** piety under Trog
  1203 | D:2      | Found a faded altar of an unknown god.
  1649 | D:2      | Noticed Jessica
  1651 | D:2      | Killed Jessica
  1651 | D:2      | Gained mutation: You have large cloven feet. [demonic
                  | ancestry]
  1651 | D:2      | Reached XP level 4. HP: 35/35 MP: 4/4
  1947 | D:3      | Reached skill level 5 in Axes
  1979 | D:3      | Noticed Sigmund
  1986 | D:3      | Gained mutation: A demonic guardian rushes to your aid.
                  | [demonic ancestry]
  1986 | D:3      | Reached XP level 5. HP: 34/41 MP: 5/5
  1991 | D:3      | Killed Sigmund
  1991 | D:3      | Reached skill level 6 in Axes
  1992 | D:3      | Reached XP level 6. HP: 47/47 MP: 6/6
  2073 | D:3      | Noticed Terence
  2080 | D:3      | Killed Terence
  2136 | D:3      | Reached *** piety under Trog
  2299 | D:4      | Found a transporter.
  2305 | D:4      | Found a transporter.
  2317 | D:4      | Found Rebingyn's Book Emporium.
  2503 | D:4      | Reached skill level 7 in Axes
  2549 | D:4      | Found an ancient bone altar of Kikubaaqudgha.
  2551 | D:4      | Noticed Menkaure
  2583 | D:4      | Reached XP level 7. HP: 50/52 MP: 7/7
  2711 | D:4      | Found a basalt altar of Yredelemnul.
  2858 | D:4      | Reached skill level 8 in Axes
  3074 | D:5      | Entered Level 5 of the Dungeon
  3171 | D:5      | Found a white marble altar of Elyvilon.
  3173 | D:5      | Found a shimmering altar of Xom.
  3173 | D:5      | Found a sparkling altar of Nemelex Xobeh.
  3175 | D:5      | Found a shadowy altar of Dithmenos.
  3175 | D:5      | Found a burning altar of Makhleb.
  3175 | D:5      | Found a burning altar of Makhleb.
  3486 | D:5      | Found an ornate altar of the Wu Jian Council.
  3491 | D:5      | Found a stormy altar of Qazlal.
  3759 | D:5      | Reached **** piety under Trog
  3929 | D:5      | Found a staircase to the Ecumenical Temple.
  4143 | D:5      | Found a radiant altar of Vehumet.
  4243 | D:6      | Found a burning altar of Makhleb.
  4243 | D:6      | Found a sparkling altar of Nemelex Xobeh.
  4245 | D:6      | Found an opulent altar of Gozag.
  4269 | D:6      | Found a sacrificial altar of Ru.
  4299 | D:6      | Reached skill level 9 in Axes
  4299 | D:6      | Gained mutation: You are partially covered in razor-sharp
                  | scales. (AC +1, Slay +1) [demonic ancestry]
  4299 | D:6      | Reached XP level 8. HP: 53/58 MP: 8/8
  4300 | D:6      | Quit the game

Illustrated notes

Levels and vault maps discovered:
D:1:      elethiomel_arrival_infinity_welcomes_careful_drivers,
          layout_loops_cross, minmay_misc_feat_room
D:2:      layout_loops_corners, chequers_ecumenical_altar_simple,
          uniq_crazy_yiuf_cottage, uniq_jessica
D:3:      layout_rooms, uniq_sigmund, uniq_terence
D:4:      kennysheep_spiral_hall, layout_basic, gammafunk_temple_of_torment,
          serial_shops, shop
D:5:      layout_cave_pods, grunt_temple_overflow_open, kennysheep_mini,
          minmay_temple_entry_proselytizer, corexii_corridor_pit,
          doesnt_xom_only_xom
D:6:      layout_basic, zin_scriptorium, nicolae_overflow_quartered_altars,
          serial_shops, shop, basic_altar, minmay_increasing_density,
          uniq_blork_the_orc, uniq_menkaure, uniq_edmund

Skill      XL: |  1  2  3  4  5  6  7 |
---------------+----------------------+-----
Axes           | 3 4 5 6 7 9 |  9.0
Fighting       | |  3.0
Armour         | |  1.7
Dodging        | |  1.7

Action                   |  1- 3 |  4- 6 |  7- 9 || total
-------------------------+-------+-------+-------++-------
Melee: Hand axe          |    53 |    91 |   124 ||   268
       Quarterstaff      |    21 |     7 |       ||    28
       Kick              |       |    26 |    31 ||    57
Invok: Berserk           |     1 |     1 |     1 ||     3
 Stab: Distracted        |       |     1 |       ||     1
Armor: Chain mail        |    29 |    63 |    54 ||   146
       Animal skin       |     1 |       |       ||     1
Dodge: Dodged            |    27 |    49 |    45 ||   121
Block: Other             |       |       |     7 ||     7

Table legend: (Time is in decaauts)
 A = Elapsed time spent in this place.
 B = Non-inter-level travel time spent in this place.
 C = Inter-level travel time spent in this place.
 D = Time resting spent in this place.
 E = Time spent auto-exploring this place.
 F = Levels seen in this place.
 G = Mean time per level.
                   A        B        C        D        E       F      G
               +--------+--------+--------+--------+--------+-----+--------+
         Total |   4329 |   4131 |    198 |     54 |   3272 |   6 |  721.5 |
       Dungeon |   4329 |   4131 |    198 |     54 |   3272 |   6 |  721.5 |
               +--------+--------+--------+--------+--------+-----+--------+

Top non-repeatable levels by time:
     D:5: 1097 daAuts
     D:2: 954 daAuts
     D:1: 910 daAuts
     D:4: 776 daAuts
     D:3: 462 daAuts
     D:6: 128 daAuts
